 Seeded DCSS version 0.27.0-1-g7a08968 (webtiles) character file.

Game seed: 4303278513014279070 (custom seed)

16 bananamous the Ducker (level 2, 22/22 HPs)
             Began as a Demonspawn Gladiator on Aug 16, 2021.
             Got out of the dungeon alive.
             The game lasted 00:01:40 (520 turns).

bananamous the Ducker (Demonspawn Gladiator)         Turns: 520, Time: 00:01:40

Health: 22/22      AC:  4    Str: 14    XL:     2   Next: 37%
Magic:  2/2        EV: 12    Int:  9    God:
Gold:   12         SH:  0    Dex: 14    Spells: 1/1 levels left

rFire    . . .     SeeInvis .   a - +0 war axe
rCold    . . .     Faith    .   (no shield)
rNeg     . . .     Spirit   .   b - +0 leather armour
rPois    .         Reflect  .   c - +0 helmet
rElec    .         Harm     .   (no cloak)
rCorr    .         Rampage  .   (no gloves)
Will     .....                  (no boots)
Stlth    +.........             (no amulet)
HPRegen  0.07/turn              (no ring)
MPRegen  0.08/turn              (no ring)

@: no status effects
A: talons 1
a: no special abilities


You escaped.
You visited 1 branch of the dungeon, and saw 1 of its levels.

You collected 12 gold pieces.

Inventory:

Hand Weapons
 a - a +0 war axe (weapon)
Missiles
 d - 3 throwing nets (quivered)
Armour
 b - a +0 leather armour (worn)
 c - a +0 helmet (worn)
Scrolls
 e - a scroll of acquirement
 g - a scroll of enchant weapon {unknown}
Potions
 f - a potion of attraction {unknown}


   Skills:
 + Level 2.1 Fighting
 + Level 3.0 Axes
 - Level 1.7 Throwing
 + Level 3.1 Dodging


You had one spell level left.
You didn't know any spells.
Your spell library was empty.

Dungeon Overview and Level Annotations

Branches:
Dungeon (1/15)

Altars:


Innate Abilities, Weirdness & Mutations

You have sharp toenails.


Message History

You closely miss the frilled lizard.
The frilled lizard barely misses you. x2
Unknown command.
You closely miss the frilled lizard. Your kick misses the frilled lizard.
The frilled lizard completely misses you.
You miss the frilled lizard. Your kick misses the frilled lizard.
The frilled lizard barely misses you.
You slash the frilled lizard!
You kill the frilled lizard!
The kobold hits you but does no damage.
You closely miss the kobold. You claw the kobold, but do no damage.
The kobold barely misses you.
Unknown command.
You slash the kobold!
You kill the kobold!
You hit the rat.
You kill the rat!
Unknown command.
You barely miss the frilled lizard.
The frilled lizard bites you but does no damage.
The frilled lizard barely misses you.
You slash the frilled lizard!
You kill the frilled lizard!
Unknown command.
No target in view!
No target in view!
No target in view!
Items here: ( ))))) †††.
Items here: ( ))))) †††.
This is a scroll of acquirement!
(D) Dungeon
Where to? (Enter - D:1 @ (x,y), ? - help)
Okay, then.
(D) Dungeon
Where to? (Enter - D:1 @ (x,y), ? - help)
What level of the Dungeon? (default 1, ? - help)
Found a scroll labelled KOB LEMECITA.
You see here a +0 robe.
There is a staircase leading out of the dungeon here.
Are you sure you want to leave the Dungeon?
This will make you lose the game!
You have escaped!

####### ..( .......
#..... ######### #..
#..... ........ #..
#..... ?....# ##.
.....#####..### #.
##..#.....#...##### #.
#..#.......#.[....#####.
#....@....#...........
#..#.......#...##.######
#..#.....#...###.#
#...#####..### #.#
#.#.......######.#
#.#..####........# #...
########## # #. #.


There were no monsters in sight!

Vanquished Creatures
  A dart slug (D:1)
  An endoplasm (D:1)
  A giant cockroach (D:1)
  6 kobolds (D:1)
  2 frilled lizards (D:1)
  2 rats (D:1)
13 creatures vanquished.

Vanquished Creatures (others)
  5 plants (D:1)
5 creatures vanquished.

Grand Total: 18 creatures vanquished

Notes
Turn   | Place    | Note
-------+----------+-------------------------------------------
     0 | D:1      | bananamous the Demonspawn Gladiator began the quest for the
                  | Orb.
     0 | D:1      | Reached XP level 1. HP: 16/16 MP: 1/1
   452 | D:1      | Gained mutation: You have sharp toenails. [demonic
                  | ancestry]
   452 | D:1      | Reached XP level 2. HP: 22/22 MP: 2/2
   479 | D:1      | Identified a scroll of acquirement
   520 | D:$      | Got out of the dungeon alive.

Illustrated notes

Levels and vault maps discovered:
D:1:      scummos_arrival_hexagon, layout_loops_ring, lexackson_kobold_supper

Skill      XL: |  1  2 |
---------------+-------+-----
Dodging        | 3 |  3.1
Axes           | 3 |  3.0
Fighting       | |  2.1
Throwing       | |  1.7

Action                   || total
-------------------------++-------
Melee: War axe           ||    35
       Kick              ||     3
Armor: Leather armour    ||    11
Dodge: Dodged            ||    25
